 Dungeon Crawl Stone Soup version 0.23.2-1-ga50397a6bc (webtiles) character file.

Game seed: 10401646483460216475

107 Peloso the Shield-Bearer (level 4, -7/40 HPs)
             Began as a Minotaur Fighter on Apr 22, 2019.
             Mangled by a gnoll
             ... wielding a +0 flail
              (10 damage)
             ... on level 3 of the Dungeon.
             The game lasted 00:03:13 (1195 turns).

Peloso the Shield-Bearer (Minotaur Fighter)         Turns: 1195, Time: 00:03:14

Health: -7/40      AC:  7    Str: 20    XL:     4   Next: 56%
Magic:  3/3        EV:  7    Int:  5    God:
Gold:   72         SH:  9    Dex: 11    Spells: 3/3 levels left

rFire    . . .     SeeInvis .   a - +0 long sword
rCold    . . .     Gourm    .   c - +0 shield
rNeg     . . .     Faith    .   b - +0 scale mail
rPois    .         Spirit   .   (helmet restricted)
rElec    .         Reflect  .   (no cloak)
rCorr    .         Harm     .   (no gloves)
MR       .....                  (no boots)
Stlth    ..........             (no amulet)
HPRegen  0.13/turn              (no ring)
MPRegen  0.08/turn              (no ring)

@: no status effects
A: retaliatory headbutt, horns 2
a: no special abilities


You were on level 3 of the Dungeon.
You were not hungry.

You visited 1 branch of the dungeon, and saw 3 of its levels.

You collected 72 gold pieces.

Inventory:

Hand Weapons
 a - a +0 long sword (weapon)
Armour
 b - a +0 scale mail (worn)
 c - a +0 shield (worn)
Wands
 l - a wand of polymorph (9)
Scrolls
 h - a scroll of teleportation {unknown}
 i - a scroll of enchant armour {unknown}
 j - 2 scrolls of noise {unknown}
 k - a scroll of magic mapping {unknown}
 n - a scroll of remove curse {unknown}
Potions
 d - a potion of might
 e - 2 potions of brilliance {unknown}
 g - 2 potions of mutation {unknown}
 m - a potion of berserk rage {unknown}
Comestibles
 f - 3 rations


   Skills:
 + Level 4.3 Fighting
 + Level 3.8 Long Blades
 + Level 4.4 Armour
 + Level 0.5 Dodging
 + Level 4.4 Shields


You had 3 spell levels left.
You didn't know any spells.
Your spell library was empty.

Dungeon Overview and Level Annotations

Branches:
Dungeon (3/15)

Altars:
Dithmenos
Xom
Zin


Innate Abilities, Weirdness & Mutations

You reflexively headbutt those who attack you in melee.
You have a pair of horns on your head.


Message History

* * * LOW HITPOINT WARNING * * *
Unknown command.
You closely miss the orc priest. Your headbutt misses the orc priest.
The orc priest is moderately wounded.
The orc priest barely misses you.
You riposte.
You hit the orc priest.
The orc priest is heavily wounded.
The frilled lizard bites you but does no damage.
The gnoll closely misses you. The orc priest barely misses you.
You furiously retaliate!
You headbutt the orc priest, but do no damage.
The gnoll barely misses you. You block the frilled lizard's attack.
Your shield and scale mail prevent you from hitting the orc priest.
The orc priest is heavily wounded.
You block the gnoll's attack.
The orc priest hits you but does no damage.
You block the frilled lizard's attack.
The gnoll hits you from afar with a +0 spear.
* * * LOW HITPOINT WARNING * * *
The gnoll hits you with a +0 flail!
You die...

.....................(......_..#
.....####.......)..#...#......##
.....###..........#...##.#...####
.....##..###...#.#....#..###.###.
.....##.## ###.#....##..## #..##.
.....##.# #.#..<##..## ##...)
.....##)# #ggg#.##.## ####)
........# ###lg#.##.# #....
......### #..o@.....#######.##.
..#.#.# #####..........##(....###
###...# #..............)..##### #
##..###.##.............##
#####.....##............##
....................b..##
#####........#...#....##########
.####...#.########.##..##......##
.##.....#...)..........#........#


You could see an orc priest, 3 gnolls, a goblin and a frilled lizard.

Vanquished Creatures
  An orc wizard (D:3)
  3 gnolls (D:3)
  A worm (D:3)
  A dart slug (D:3)
  10 orcs (D:3)
  2 giant cockroaches (D:3)
  A goblin (D:1)
  3 hobgoblins
  3 kobolds
  A ball python (D:1)
  2 bats
  4 frilled lizards
  8 rats
40 creatures vanquished.

Notes
Turn   | Place    | Note
-------+----------+-------------------------------------------
     0 | D:1      | Peloso the Minotaur Fighter began the quest for the Orb.
     0 | D:1      | Reached XP level 1. HP: 19/19 MP: 0/0
   769 | D:2      | Reached XP level 2. HP: 27/27 MP: 1/1
   773 | D:2      | You fall through a shaft!
   803 | D:3      | Found a shimmering altar of Xom.
   861 | D:3      | Reached XP level 3. HP: 25/33 MP: 2/2
   951 | D:3      | Found a shadowy altar of Dithmenos.
   990 | D:3      | Reached XP level 4. HP: 31/40 MP: 3/3
  1005 | D:3      | Found a glowing silver altar of Zin.
  1195 | D:3      | Mangled by a gnoll

Skill      XL: |  1  2  3 |
---------------+----------+-----
Fighting       | 4 |  4.3
Shields        | 4 |  4.4
Armour         | 4 |  4.4
Long Blades    | 3 |  3.8
Dodging        | |  0.5

Action                   |  1- 3 |  4- 6 || total
-------------------------+-------+-------++-------
Melee: Long sword        |    66 |    34 ||   100
       Headbutt          |     7 |     6 ||    13
  Eat: Chunk             |       |     1 ||     1
Armor: Scale mail        |    30 |    15 ||    45
Dodge: Dodged            |    20 |    17 ||    37
Block: Shield            |    22 |    17 ||    39
       Rpst.: Long sword |     5 |     5 ||    10
